 Dungeon Crawl Stone Soup version 0.25-a0-366-g516bc45ae0 (webtiles) character file.

Game seed: 11701943907950054621, levelgen mode: deterministic

28 sankara the Slasher (level 3, -2/25 HPs)
             Began as a Halfling Berserker on Jan 6, 2020.
             Was a Follower of Trog.
             Slain by an adder (4 damage)
             ... on level 2 of the Dungeon.
             The game lasted 00:05:58 (1265 turns).

sankara the Slasher (Halfling Berserker)            Turns: 1265, Time: 00:05:59

Health: -2/25      AC:  3    Str: 18    XL:     3   Next: 30%
Magic:  3/3        EV: 15    Int:  5    God:    Trog [*.....]
Gold:   86         SH:  0    Dex: 14    Spells: 2/2 levels left

rFire    . . .     SeeInvis .   b - +0 falchion
rCold    . . .     Gourm    .   (shield restricted)
rNeg     + . .     Faith    .   n - +0 animal skin
rPois    .         Spirit   .   k - +0 helmet
rElec    .         Reflect  .   (no cloak)
rCorr    .         Harm     .   (no gloves)
MR       .....                  (no boots)
Stlth    ++........             (no amulet)
HPRegen  0.08/turn              f - ring of positive energy {rN+}
MPRegen  0.08/turn              (no ring)

@: lethally poisoned (-2 -> -3)
A: small, mutation resistance 1
a: Berserk, Renounce Religion


You were on level 2 of the Dungeon.
You worshipped Trog.
Trog was aware of your devotion.
You were not hungry.

You visited 1 branch of the dungeon, and saw 2 of its levels.

You collected 86 gold pieces.

Inventory:

Hand Weapons
 a - a +0 dagger
   (You took it off a kobold on level 1 of the Dungeon)
 b - a +0 falchion (weapon)
 o - a +3 hunting sling
   (You found it on level 1 of the Dungeon)
Missiles
 j - 29 stones (quivered)
 l - 13 sling bullets
Armour
 g - a +2 shield
   (You found it on level 1 of the Dungeon)
 k - a +0 helmet (worn)
   (You found it on level 1 of the Dungeon)
 n - a +0 animal skin (worn)
Jewellery
 f - a ring of positive energy (left hand) {rN+}
   (You found it on level 1 of the Dungeon)
Scrolls
 d - a scroll of remove curse {unknown}
 e - 4 scrolls of identify {unknown}
 r - 3 scrolls of teleportation {unknown}
Potions
 h - a potion of lignification {unknown}
 i - a potion of might {unknown}
 m - a potion of cancellation {unknown}
 p - a potion of heal wounds {unknown}
 s - a potion of flight {unknown}
Comestibles
 c - a ration
 q - a chunk of flesh {@w0}


   Skills:
 - Level 2.6 Fighting
 * Level 3.6 Long Blades
 - Level 2.1 Armour
 + Level 2.6 Dodging
 + Level 1.3 Stealth


You had 2 spell levels left.
You didn't know any spells.
Your spell library was empty.

Dungeon Overview and Level Annotations

Branches:
Dungeon (2/15)

Altars:
Cheibriados
Hepliaklqana
Kikubaaqudgha
Sif Muna

Annotations:
D:2 Sigmund


Innate Abilities, Weirdness & Mutations

You are small and have problems with some larger weapons.
You are somewhat resistant to further mutation.


Message History

Key pressed, stopping explore.
Found a stone staircase leading down.
There is a stone staircase leading down here.
A giant cockroach comes into view.
A giant cockroach is nearby!
You closely miss the giant cockroach. The giant cockroach closely misses you.
You barely miss the giant cockroach. The giant cockroach barely misses you.
You riposte.
You closely miss the giant cockroach. You hit the giant cockroach.
The giant cockroach is heavily wounded.
The giant cockroach closely misses you. x2
You hit the giant cockroach.
You kill the giant cockroach!
Trog accepts your kill.
No target in view!
No target in view!
A rat comes into view.
You hit the rat but do no damage. The rat completely misses you.
You hit the rat.
You kill the rat!
Trog accepts your kill.
No target in view!
No target in view!
You see here a rat corpse.
You butcher the rat corpse.
q - a chunk of flesh {@w0} You see here a rat skeleton.
A hobgoblin comes into view. It is wielding a +0 club.
The helpless hobgoblin fails to defend itself.
You hit the hobgoblin.
You kill the hobgoblin!
Trog accepts your kill.
No target in view!
No target in view!
You see here a +0 club.
You open the door.
There is an open door here.
You open the door.
There is an open door here.
You open the door.
There is an open door here.
You open the door.
There is an open door here.
You now have 86 gold pieces (gained 10).
A kobold comes into view. It is wielding a +0 club.
The kobold shouts!
The kobold throws a stone.
The stone barely misses you.
Found a stone staircase leading down.
You closely miss the kobold. The kobold hits you but does no damage.
You hit the kobold but do no damage. The kobold hits you with a +0 club.
You hit the kobold but do no damage. The kobold barely misses you.
You barely miss the kobold. The kobold closely misses you.
You barely miss the kobold. The kobold barely misses you.
You hit the kobold.
The kobold is severely wounded.
The kobold hits you but does no damage.
You hit the kobold.
You kill the kobold!
Trog accepts your kill.
You see here a +0 club.
j - 29 stones (gained 1)
The adder is too close now for your liking.
A hobgoblin comes into view. It is wielding a +0 quarterstaff.
The hobgoblin moves out of view.
A goblin comes into view. It is wielding a +0 club.
The adder misses you.
You closely miss the adder. The adder closely misses you.
The adder bites you but does no damage.
You miss the adder. The adder bites you.
You barely miss the adder.
The hobgoblin shouts!
The adder bites you.
You are too injured to fight recklessly!
You are too injured to fight recklessly!
You are too injured to fight recklessly!
The goblin shouts!
You slash the adder!
The adder is severely wounded.
The adder bites you.
You are poisoned.
The adder poisons you!
A worm comes into view.
A dart slug comes into view.
The adder bites you.
You closely miss the adder.
The adder is severely wounded.
You feel sick. The adder completely misses you.
A hobgoblin comes into view. It is wielding a +0 club.
You closely miss the adder.
The adder is severely wounded.
You feel sick. The adder bites you but does no damage. The adder bites you.
You closely miss the adder.
The adder is severely wounded.
You feel sick. The adder completely misses you. The adder bites you.
* * * LOW HITPOINT WARNING * * *
A rat comes into view.
* * * LOW HITPOINT WARNING * * *
You feel sick. The adder misses you.
* * * LOW HITPOINT WARNING * * *
You feel sick. The adder bites you.
You die...

....####g.+########'.####....
. ##....................
##.g##.##########.###
#####.##.# #......#..
#....g##.#####.######.#
#.....##............#.#
#...gr##............#.#
#.....S#...............
#...)#@#............#..
#....#.#............#..
#.............###'######..
#..#....##..#.# #.######..
#..#....##..#.# #.#....### #.
#....###># #.##...... #
#....# .# #.##...... ######.#
###### .# #.##...... .......#
#.........


You could see an adder, 2 hobgoblins, a goblin and a rat.

Vanquished Creatures
  An ooze (D:1)
  A dart slug (D:1)
  2 giant cockroaches
  A goblin (D:1)
  2 hobgoblins
  4 jackals (D:1)
  A bat (D:1)
  A frilled lizard (D:1)
  4 kobolds
  5 rats
22 creatures vanquished.

Notes
Turn   | Place    | Note
-------+----------+-------------------------------------------
     0 | D:1      | sankara the Halfling Berserker began the quest for the Orb.
     0 | D:1      | Reached XP level 1. HP: 15/15 MP: 1/1
   441 | D:1      | Reached XP level 2. HP: 20/20 MP: 2/2
   611 | D:1      | Reached skill level 1 in Stealth
   668 | D:1      | Found a snail-covered altar of Cheibriados.
   734 | D:1      | Reached XP level 3. HP: 19/25 MP: 3/3
   946 | D:2      | Noticed Sigmund
  1028 | D:2      | Found a shimmering blue altar of Sif Muna.
  1028 | D:2      | Found a hazy altar of Hepliaklqana.
  1053 | D:2      | Found an ancient bone altar of Kikubaaqudgha.
  1258 | D:2      | HP: 4/25 [adder (3)]
  1265 | D:2      | HP: 2/25 [poisoned by an adder]
  1265 | D:2      | Slain by an adder

Levels and vault maps discovered:
D:1:      minmay_arrival_plants_in_alcoves, layout_loops_ring,
          cheibriados_altar_1
D:2:      layout_basic, nicolae_overflow_crystal_walls,
          gammafunk_temple_overflow_elements, minivault_11,
          minmay_tiny_reverse_x, uniq_sigmund

Skill      XL: |  1  2 |
---------------+-------+-----
Stealth        | 1 |  1.3
Fighting       | |  2.6
Long Blades    | |  3.6
Armour         | |  2.1
Dodging        | |  2.6

Action                   || total
-------------------------++-------
Melee: Falchion          ||    62
       Dagger            ||     4
 Stab: Sleeping          ||     2
       Distracted        ||     1
  Eat: Chunk             ||     1
Armor: Animal skin       ||    12
Dodge: Dodged            ||    45
       Rpst.: Falchion   ||     9

Table legend:
 A = Non-vault XP
 B = Vault XP
 C = Vault XP percentage of total XP
 D = Non-vault monster count
 E = Vault monster count
 F = Vault count percentage of total count
                 A         B        C        D         E       F
            +---------+---------+-------+---------+---------+-------
      Total |      41 |       0 |   0.0 |      22 |       0 |   0.0
            +---------+---------+-------+---------+---------+-------
        D:1 |      33 |       0 |   0.0 |      16 |       0 |   0.0
        D:2 |       8 |       0 |   0.0 |       6 |       0 |   0.0
            +---------+---------+-------+---------+---------+-------

Levels and vault maps discovered:
D:1:      minmay_arrival_plants_in_alcoves, layout_loops_ring,
          cheibriados_altar_1
D:2:      layout_basic, nicolae_overflow_crystal_walls,
          gammafunk_temple_overflow_elements, minivault_11,
          minmay_tiny_reverse_x, uniq_sigmund

Table legend:
 A = Turns spent in this place as a percentage of turns spent in the entire game.
 B = Non-inter-level travel turns spent in this place as a percentage of non-inter-level travel turns spent in the entire game.
 C = Inter-level travel turns spent in this place as a percentage of turns spent in this place.
 D = Turns resting spent in this place as a percentage of non-inter-level travel turns spent in this place.
 E = Turns spent auto-exploring this place as a percentage of non-inter-level travel turns spent in this place.
 F = Non-inter-level travel turns spent in this place divided by the number of levels of this place that you've seen.
                   A       B       C       D       E      F
               +-------+-------+-------+-------+-------+----------------------
         Total | 100.0 | 100.0 |   3.3 |  13.7 |  62.7 | 611.5
       Dungeon | 100.0 | 100.0 |   3.3 |  13.7 |  62.7 | 611.5
               +-------+-------+-------+-------+-------+----------------------

Table legend:
 A = Kills in this place as a percentage of kills in entire the game.
 B = Kills by you in this place as a percentage of kills by you in the entire game.
 C = Kills by friends in this place as a percentage of kills by friends in the entire game.
 D = Other kills in this place as a percentage of other kills in the entire game.
 E = Experience gained in this place as a percentage of experience gained in the entire game.
 F = Experience gained in this place divided by the number of levels of this place that you have seen.
                   A       B       C       D       E      F
               +-------+-------+-------+-------+-------+----------------------
         Total | 100.0 | 100.0 |   N/A |   N/A | 100.0 |  20.5
       Dungeon | 100.0 | 100.0 |   N/A |   N/A | 100.0 |  20.5
               +-------+-------+-------+-------+-------+----------------------
